 Dungeon Crawl Stone Soup version 0.31-a0-851-g7ff8af7976 (webtiles) character file.

Game seed: 17632643870563916139

128 BritishOli the Trooper (level 4, -8/37 HPs)
             Began as a Demonspawn Fighter on Oct 6, 2023.
             Mangled by a gnoll
             ... wielding a +0 halberd
             ... led by a gnoll bouda
              (9 damage)
             ... on level 3 of the Dungeon.
             The game lasted 00:01:12 (1442 turns).

BritishOli the Trooper (Demonspawn Fighter)         Turns: 1442, Time: 00:01:12

Health: -8/37      AC: 10    Str: 18    XL:     4   Next: 86%
Magic:  4/4        EV:  9    Int: 10    God:
Gold:   86         SH:  4    Dex: 12    Spells: 3/3 levels left

rFire   . . .        a - +0 war axe
rCold   . . .        c - +0 buckler
rNeg    . . .        b - +0 scale mail
rPois   .            l - +2 hat
rElec   .            (no cloak)
rCorr   .            (no gloves)
SInv    +            (no boots)
Will    .....        (no amulet) Stlth
                     n - ring of see invisible
HPRegen 0.26/turn    (no ring)
MPRegen 0.09/turn

%: no passive effects
@: no status effects
A: thin metallic scales 1
a: no special abilities


You were on level 3 of the Dungeon.
You visited 1 branch of the dungeon, and saw 3 of its levels.

You collected 86 gold pieces.

Inventory:

Hand Weapons
 a - a +0 war axe (weapon)
Armour
 b - a +0 scale mail (worn)
 c - a +0 buckler (worn)
 l - a +2 hat (worn)
Jewellery
 n - a ring of see invisible (left hand)
Wands
 p - a wand of paralysis (6)
Scrolls
 f - a scroll of fear {unknown}
 h - 5 scrolls of identify {unknown}
 i - 2 scrolls of blinking {unknown}
 j - a scroll of revelation {unknown}
 k - a scroll of noise {unknown}
 m - a scroll of enchant armour {unknown}
 o - 2 scrolls of teleportation {unknown}
Potions
 d - a potion of might
 e - a potion of curing {unknown}
 g - a potion of berserk rage {unknown}


   Skills:
 + Level 3.7 Fighting
 + Level 2.8 Axes
 + Level 3.4 Armour
 + Level 3.4 Shields


You had 3 spell levels left.
You didn't know any spells.
Your spell library contained the following spells:

 Spells                   Type           Power      Damage    Failure   Level
 Magic Dart               Conj           0%         1d3       83%         1
 Call Imp                 Summ           0%         N/A       92%         2
 Mephitic Cloud           Conj/Pois/Air  0%         N/A       99%         3


Dungeon Overview and Level Annotations

Branches:
Dungeon (3/15)

Altars:

Shops:
D:1 :


Innate Abilities, Weirdness & Mutations

You are partially covered in thin metallic scales. (AC +2)


Message History

Unknown command.
You slash the gnoll!
You kill the gnoll!
The gnoll hits you with a +0 flail!
Unknown command.
You hit the gnoll but do no damage.
Your attacks no longer feel as feeble.
The gnoll barely misses you. The gnoll hits you with a +0 flail.
Unknown command.
You closely miss the gnoll. The gnoll hits you but does no damage.
The gnoll hits you with a +0 flail. You block the gnoll's attack.
The gnoll closely misses you.
Unknown command.
Unknown command.
You are too injured to fight recklessly!
You are too injured to fight recklessly!
You are too injured to fight recklessly!
You are too injured to fight recklessly!
You are too injured to fight recklessly!
You are too injured to fight recklessly!
Okay, then.
You barely miss the gnoll.
The gnoll hits you from afar with a +0 halberd.
The gnoll hits you but does no damage.
You slash the gnoll!
The gnoll is severely wounded.
The gnoll barely misses you. x2
You slash the gnoll!
You kill the gnoll!
The gnoll closely misses you. You block the gnoll's attack.
The gnoll hits you with a +0 halberd!
* * * LOW HITPOINT WARNING * * *
Items here: )) ††.
You closely miss the gnoll. The gnoll closely misses you.
You closely miss the gnoll. The gnoll hits you with a +0 halberd!
* * * LOW HITPOINT WARNING * * *
You hit the gnoll.
The gnoll is moderately wounded.
The gnoll hits you with a +0 halberd!
You die... ###################.# ...............)@g..# ##################.## #

You could see a gnoll.

Vanquished Creatures
  A gnoll bouda (D:3)
  4 gnolls (D:3)
  2 adders (D:2)
  3 worms
  4 bats
  2 endoplasms (D:2)
  3 goblins (D:1)
  3 hobgoblins (D:1)
  4 jackals (D:3)
  2 kobolds (D:2)
  3 ball pythons
  6 rats
37 creatures vanquished.

Notes
Turn   | Place    | Note
-------+----------+-------------------------------------------
     0 | D:1      | BritishOli the Demonspawn Fighter began the quest for the
                  | Orb.
     0 | D:1      | Reached XP level 1. HP: 18/18 MP: 1/1
   153 | D:1      | Gained mutation: You are partially covered in thin metallic
                  | scales. (AC +2) [demonic ancestry]
   153 | D:1      | Reached XP level 2. HP: 23/24 MP: 2/2
   272 | D:1      | Found Akkyqisell's Book Emporium.
  1029 | D:2      | Reached XP level 3. HP: 15/29 MP: 3/3
  1103 | D:2      | Identified the +9 hand axe of Prudence {vamp, Will- Dex+3
                  | SInv}
  1421 | D:3      | Reached XP level 4. HP: 30/35 MP: 4/4
  1441 | D:3      | HP: 1/37 [gnoll/+0 halberd[a gnoll bouda] (8)]
  1442 | D:3      | Mangled by a gnoll

Illustrated notes

Levels and vault maps discovered:
D:1:      dpeg_arrival_houses_and_road, layout_loops_ring, serial_shops,
          nicolae_shop_hallway_stairs, minmay_misc_feat_ornament,
          chequers_arboretum, hangedman_abyss_or_decor_lesser_grid,
          kennysheep_pointless_box
D:2:      layout_rooms
D:3:      mumra_celtic_spiral_tile, layout_basic, roderic_serpentine_path,
          corexii_item_surrounded_by_moat, kennysheep_generic_room_3, uniq_ijyb,
          uniq_terence

Skill      XL: |  1  2 |
---------------+-------+-----
Axes           | 2 |  2.8
Armour         | 3 |  3.4
Shields        | 3 |  3.4
Fighting       | |  3.7

Action                     |  1- 3 |  4- 6 || total
---------------------------+-------+-------++-------
  Melee: War axe           |   118 |    20 ||   138
 Armour: Scale mail        |    91 |    19 ||   110
  Dodge: Dodged            |    51 |    15 ||    66
  Block: Buckler           |    33 |     6 ||    39

Table legend: (Time is in decaauts)
 A = Elapsed time spent in this place.
 B = Non-inter-level travel time spent in this place.
 C = Inter-level travel time spent in this place.
 D = Time resting spent in this place.
 E = Time spent auto-exploring this place.
 F = Levels seen in this place.
 G = Mean time per level.
                   A        B        C        D        E       F      G
               +--------+--------+--------+--------+--------+-----+--------+
         Total |   1500 |   1447 |     53 |      0 |   1141 |   3 |  500.0 |
       Dungeon |   1500 |   1447 |     53 |      0 |   1141 |   3 |  500.0 |
               +--------+--------+--------+--------+--------+-----+--------+

Top non-repeatable levels by time:
     D:1: 820 daAuts
     D:2: 486 daAuts
     D:3: 193 daAuts
